 Dungeon Crawl Stone Soup version 0.29.1-15-g9cfb28693d (webtiles) character file.

Game seed: 6151188300787829938

87 Descartes the Digger (level 4, -2/24 HPs)
             Began as a Gargoyle Earth Elementalist on Feb 23, 2023.
             Constricted to death by Ijyb (4 damage)
             ... on level 2 of the Dungeon.
             The game lasted 00:04:16 (2276 turns).

Descartes the Digger (Gargoyle Earth Elementalist)  Turns: 2276, Time: 00:04:17

Health: -2/24      AC: 11    Str: 13    XL:     4   Next: 51%
Magic:  1/7        EV:  7    Int: 16    God:
Gold:   83         SH:  0    Dex: 10    Spells: 6/7 levels left

rFire   . . .      SeeInvis .   d - +0 dagger
rCold   . . .      Faith    .   (no shield)
rNeg    + . .      Spirit   .   g - +3 ring mail
rPois   ∞          Reflect  .   (no helmet)
rElec   +          Harm     .   (no cloak)
rCorr   .          Rampage  .   (no gloves)
Will    .....                   (no boots)
Stlth   +.........              (no amulet)
HPRegen 0.08/turn               (no ring)
MPRegen 0.10/turn               (no ring)

@: grasped by roots, hasted, constricted, very quick
A: sickness immunity, AC +3, negative energy resistance 1, electricity
resistance, torment resistance 1, petrification resistance
a: no special abilities


You were on level 2 of the Dungeon.
You visited 1 branch of the dungeon, and saw 3 of its levels.

You collected 83 gold pieces.

Inventory:

Hand Weapons
 d - a +0 dagger (weapon)
Missiles
 f - 4 poisoned darts
Armour
 a - a +0 robe
 g - a +3 ring mail (worn)
Scrolls
 h - 2 scrolls of identify {unknown}
 j - a scroll of immolation {unknown}
 l - a scroll of noise {unknown}
 n - 2 scrolls of enchant armour {unknown}
 o - a scroll of fog {unknown}
 p - a scroll of enchant weapon {unknown}
 r - a scroll of fear {unknown}
Potions
 b - a potion of magic
 c - a potion of berserk rage {unknown}
 e - a potion of flight {unknown}
 i - a potion of haste
 k - a potion of brilliance {unknown}
 m - a potion of heal wounds {unknown}
 q - a potion of degeneration {unknown}


   Skills:
 + Level 2.1 Dodging
 - Level 2.1 Stealth
 + Level 2.4 Spellcasting
 + Level 1.4 Transmutations
 * Level 4.7 Earth Magic
 + Level 1.1 Evocations


You had 6 spell levels left.
You knew the following spells:

 Your Spells              Type           Power      Damage    Failure   Level
a - Sandblast             Erth           34%        2d9       6%          1

Your spell library contained the following spells:

 Spells                   Type           Power      Damage    Failure   Level
 Passwall                 Tmut/Erth      9%         N/A       19%         2
 Foxfire                  Conj/Fire      4%         2x1d4     41%         1
 Magic Dart               Conj           4%         1d3       41%         1
 Stone Arrow              Conj/Erth      18%        3d8       45%         3
 Call Imp                 Summ           1%         N/A       54%         2
 Ensorcelled Hibernation  Hex/Ice        2%         N/A       54%         2
 Spider Form              Tmut/Pois      4%         N/A       69%         3
 Petrify                  Tmut/Erth      11%        N/A       77%         4
 Conjure Flame            Conj/Fire      1%         6-21      78%         3
 Inner Flame              Hex/Fire       1%         N/A       78%         3
 Mephitic Cloud           Conj/Pois/Air  1%         N/A       78%         3
 Anguish                  Hex/Necr       0%         N/A       99%         4
 Flame Wave               Conj/Fire      1%         2d4       99%         4
 Borgnjor's Revivificati  Necr           0%         N/A       100%        8
 Necromutation            Tmut/Necr      2%         N/A       100%        8
 Death's Door             Necr           0%         N/A       100%        9


Dungeon Overview and Level Annotations

Branches:
Dungeon (3/15)

Altars:
Makhleb

Annotations:
D:2 Ijyb


Innate Abilities, Weirdness & Mutations

You are immune to sickness and miasma.
Your stone body is resilient. (AC +3)
You are immune to poison.
You resist negative energy. (rN+)
You are resistant to electric shocks. (rElec)
You are resistant to unholy torment.
You are immune to petrification.


Message History

Aiming: Sandblast (safe; 6% risk of failure)
Press: ? - help, Shift-Dir - straight line, f/p - Ijyb
Aim: Ijyb, wielding a +0 dagger, wearing a +0 chain mail and carrying a wand of roots (8) (moderately wounded, 82% to hit)
The blast of sand hits Ijyb but does no damage.
Ijyb is moderately wounded.
Ijyb hits you but does no damage. Ijyb closely misses you.
Casting: Sandblast (safe; 6% risk of failure)
Confirm with . or Enter, or press ? or * to list all spells.
Aiming: Sandblast (safe; 6% risk of failure)
Press: ? - help, Shift-Dir - straight line, f/p - Ijyb
Aim: Ijyb, wielding a +0 dagger, wearing a +0 chain mail and carrying a wand of roots (8) (moderately wounded, 82% to hit)
The blast of sand hits Ijyb.
Ijyb is moderately wounded.
Ijyb hits you with a +0 dagger.
Casting: Sandblast (safe; 6% risk of failure)
Confirm with . or Enter, or press ? or * to list all spells.
Aiming: Sandblast (safe; 6% risk of failure)
Press: ? - help, Shift-Dir - straight line, f/p - Ijyb
Aim: Ijyb, wielding a +0 dagger, wearing a +0 chain mail and carrying a wand of roots (8) (moderately wounded, 82% to hit)
The blast of sand hits Ijyb but does no damage.
Ijyb is moderately wounded.
Ijyb hits you but does no damage. Ijyb misses you.
Ijyb attacks as you move away! Ijyb hits you but does no damage.
Ijyb attacks as you move away! Ijyb hits you but does no damage.
Ijyb zaps a wand.
The roots erupt in riotous growth!
The grasping roots grab you! The grasping roots constrict you.
* * * LOW HITPOINT WARNING * * *
It was a potion of haste.
You feel yourself speed up. The grasping roots constrict you.
* * * LOW HITPOINT WARNING * * *
Casting: Sandblast (safe; 6% risk of failure)
Confirm with . or Enter, or press ? or * to list all spells.
You don't have enough magic to cast this spell.
The roots grasp on you weakens, but your attempt to escape fails.
You escape the roots grasp.
Ijyb zaps a wand.
The roots erupt in riotous growth!
The grasping roots grab you! The grasping roots constrict you.
You die...

#.######.#####.# ####### #.#
####.#####.# #.....# #.#
#..........#########.....# #.#
#.....###..##............#
#.###.##...........#####.....#
#.#.......###...#.## #.....#
#.#.#.##..##.....## ###.###
#...........g...## #.#
###.#####.####@## #.#
#.#####># #.# #.# #.......#
#.# #.# #.####### ##'## #.#
#.# ##...## #.# #.## ##.....##
###.# #..## ##.......## ##...#
##...####.........####...#####
#.......'.........'...........


You could see Ijyb.

Vanquished Creatures
  Terence (D:2)
  2 adders (D:2)
  A worm (D:2)
  2 dart slugs (D:1)
  2 bats (D:1)
  2 endoplasms (D:1)
  A giant cockroach (D:1)
  6 goblins
  6 hobgoblins
  3 jackals (D:2)
  4 ball pythons
  3 kobolds
  2 rats
35 creatures vanquished.

Notes
Turn   | Place    | Note
-------+----------+-------------------------------------------
     0 | D:1      | Descartes the Gargoyle Earth Elementalist began the quest
                  | for the Orb.
     0 | D:1      | Reached XP level 1. HP: 10/10 MP: 3/3
   128 | D:1      | Reached XP level 2. HP: 14/15 MP: 0/5
   195 | D:1      | Reached skill level 1 in Transmutations
   289 | D:1      | Reached skill level 4 in Earth Magic
   364 | D:1      | You fall into a shaft and drop 1 floor!
   562 | D:2      | Reached XP level 3. HP: 19/19 MP: 1/6
   618 | D:2      | Found a faded altar of an unknown god.
  1030 | D:2      | Found a burning altar of Makhleb.
  1070 | D:2      | Noticed Terence
  1135 | D:2      | Killed Terence
  1136 | D:2      | Reached skill level 1 in Evocations
  1136 | D:2      | Reached XP level 4. HP: 16/24 MP: 0/7
  2258 | D:3      | Noticed Ijyb
  2276 | D:2      | Constricted to death by Ijyb

Illustrated notes

Levels and vault maps discovered:
D:1:      matt_arrival_los_fun, layout_basic
D:2:      layout_loops_corners, hellmonk_ecumenical_altar_dog_temple,
          basic_altar, hangedman_decor_diamond_cutter, uniq_terence
D:3:      layout_basic, amcnicky_altar_gilded, serial_shops, shop, uniq_ijyb

Skill      XL: |  1  2  3 |
---------------+----------+-----
Transmutations | 1 |  1.4
Earth Magic    | 4 |  4.7
Dodging        | 2 |  2.1
Evocations     | 1 |  1.1
Stealth        | |  2.1
Spellcasting   | |  2.4

Action                   |  1- 3 |  4- 6 || total
-------------------------+-------+-------++-------
Melee: Unarmed           |     2 |       ||     2
 Cast: Sandblast         |    45 |    25 ||    70
  Use: Potion            |       |     1 ||     1
Armor: Ring mail         |     6 |    10 ||    16
       Robe              |     1 |       ||     1
Dodge: Dodged            |    14 |     6 ||    20
